AoeStats
← TORA

Hideout

503180812Analyzed
4v4 RM · 1mo ago on Aug 30, 2026· 40m 1s· 8 players
Game mode
Random Map
Map size
Large (8 player)
Population
200
Speed
Normal
Resources
Standard
Victory
Conquest
Starting age
Dark Age
Ending age
Imperial Age
RankedLock teamsTeams togetherTeam positionsShared explorationLock speedFull tech treeHidden civsTurbo modeCheats
Victory
Defeat
🇺🇸 Slavs · United States
1727
+12
🇧🇷 Bohemians · Brazil
1665
+15
🇧🇷 Italians · Brazil
1622
+17
🇧🇷 Franks · Brazil
1504
+22
🇬🇧 Cumans · United Kingdom
1691
-19
🇨🇳 Saracens · China
1685
-19
🇨🇳 Ethiopians · China
1684
-19
🇧🇷 Britons · Brazil
1517
-11
paradox303
6:19 Loom
8:46 Feudal Age
9:30 Double-Bit Axe
9:33 Horse Collar
15:16 Wheelbarrow
19:48 Castle Age
18:45 Gold Mining
19:14 Scale Barding Armor
19:43 Bloodlines
20:49 Bow Saw
25:25 Forging
26:06 Town Watch
27:25 Iron Casting
27:32 Heavy Plow
28:07 Chain Barding Armor
28:37 Light Cavalry
31:29 Hand Cart
37:09 Imperial Age
37:07 Gold Shaft Mining
36:23 Stone Mining
38:28 Plate Barding Armor
37:15 Cavalier
38:50 Paladin
TORA
6:36 Loom
9:19 Feudal Age
17:29 Fletching
18:52 Horse Collar
20:31 Double-Bit Axe
27:26 Castle Age
26:41 Padded Archer Armor
28:04 Bodkin Arrow
27:30 Crossbowman
30:37 Ballistics
32:33 Gold Mining
33:22 Wheelbarrow
32:48 Heavy Plow
34:57 Gold Shaft Mining
36:50 Stone Mining
牛欢喜
8:48 Feudal Age
12:46 Horse Collar
19:19 Castle Age
18:29 Bloodlines
18:30 Scale Barding Armor
18:42 Double-Bit Axe
20:03 Husbandry
21:31 Forging
25:44 Gold Mining
26:45 Wheelbarrow
28:23 Chain Barding Armor
29:42 Iron Casting
34:37 Heavy Plow
37:12 Imperial Age
34:30 Loom
37:47 Heavy Camel Rider
39:21 Conscription
40:04 Blast Furnace
39:39 Plate Barding Armor
咸酸菜
5:46 Loom
8:29 Feudal Age
9:08 Double-Bit Axe
11:53 Fletching
14:01 Padded Archer Armor
17:11 Gold Mining
18:17 Horse Collar
25:15 Castle Age
25:17 Crossbowman
25:54 Bodkin Arrow
28:53 Bow Saw
40:33 Imperial Age
38:27 Ballistics
SS_Guxta
10:43 Feudal Age
15:00 Castle Age
12:58 Horse Collar
14:03 Bloodlines
15:44 Scale Barding Armor
20:37 Double-Bit Axe
22:28 Chain Barding Armor
23:08 Husbandry
25:54 Wheelbarrow
25:51 Loom
26:51 Forging
33:43 Bow Saw
33:33 Heavy Plow
34:16 Hand Cart
37:43 Imperial Age
35:21 Gold Mining
35:50 Detinets
37:34 Iron Casting
37:35 Gold Shaft Mining
36:49 Town Watch
37:07 Heavy Plow
37:30 Stone Mining
37:51 Elite Boyar
38:56 Conscription
39:17 Plate Barding Armor
Croccia
6:02 Loom
8:34 Feudal Age
8:41 Man-at-Arms
20:41 Wheelbarrow
22:55 Castle Age
21:17 Double-Bit Axe
27:24 Bow Saw
27:56 Fletching
29:09 Wheelbarrow
29:14 Bodkin Arrow
29:33 Padded Archer Armor
30:42 Ballistics
35:27 Imperial Age
34:32 Town Watch
37:17 Chemistry
36:18 Bracer
36:56 Leather Archer Armor
37:38 Thumb Ring
SSX_Flexa
8:59 Feudal Age
11:22 Loom
16:21 Castle Age
14:58 Scale Barding Armor
14:47 Loom
15:16 Double-Bit Axe
17:49 Bow Saw
18:17 Chain Barding Armor
18:23 Husbandry
27:00 Gold Mining
28:14 Forging
34:55 Imperial Age
35:30 Iron Casting
35:43 Wheelbarrow
35:52 Cavalier
37:17 Plate Barding Armor
39:41 Blast Furnace
Fs.TARTARUGA VELOZ
6:01 Loom
8:48 Feudal Age
11:35 Fletching
15:02 Double-Bit Axe
17:16 Wheelbarrow
21:35 Castle Age
19:39 Horse Collar
20:55 Padded Archer Armor
21:41 Crossbowman
22:17 Bodkin Arrow
23:53 Ballistics
28:07 Bow Saw
28:58 Fervor
32:38 Imperial Age
30:40 Heavy Plow
33:08 Chemistry
33:29 Bracer
36:41 Hand Cart
38:37 Arbalester
Connection lost

Rejoining the realm…

Still unreachable

The connection could not be restored.

Session expired

The server has moved on; the page needs a fresh start.